 Dungeon Sprint DCSS version 0.18.1-48-g4cf74bf (webtiles) character file.

390 tyranidshit the Nimble (level 6, -4/102 HPs)
             Began as a Troll Berserker on July 22, 2016.
             Was a Priest of Trog.
             Slain by a skeletal warrior
             ... wielding a +0 dire flail
              (28 damage)
             ... in the Dungeon (Sprint IX: "|||||||||||||||||||||||||||||").
             The game lasted 00:01:54 (204 turns).

tyranidshit the Nimble (Troll Berserker)             Turns: 204, Time: 00:01:55

Health: -4/102     AC:  8    Str: 33    XL:     6   Next: 50%
Magic:  5/5        EV: 12    Int:  3    God:    Trog [***...]
Gold:   0          SH:  0    Dex:  9    Spells: 0 memorised, 5 levels left

rFire  . . .     SeeInvis .     p - +3 war axe (chop)
rCold  . . .     Gourm    +     b - +0 animal skin
rNeg   . . .     Faith    .     (no shield)
rPois  .         Spirit   .     (helmet restricted)
rElec  .         Dismiss  .     o - +0 cloak
rCorr  .         Reflect  .     (gloves unavailable)
SustAt .         Harm     .     (boots unavailable)
MR     .....     NoTele   +     (no amulet)
Stlth  ..........               (no ring)
                                m - +2 ring of protection

@: berserking (expiring), very slightly contaminated, hasted, very quick, not
resistant to hostile enchantments, extremely unstealthy
A: unfitting armour, claws 3, fast metabolism 3, gourmand, regeneration 2,
shaggy fur 1, tough skin 2
a: Berserk, Trog's Hand, Burn Spellbooks, Renounce Religion


You were in the Dungeon.
You worshipped Trog.
Trog was most pleased with you.
You were not hungry.

You visited 1 branch

Inventory:

Hand Weapons
 p - a +3 war axe of chopping (weapon)
Armour
 b - a +0 animal skin (worn)
 o - a +0 cloak (worn)
Jewellery
 m - a +2 ring of protection (left claw)
 n - a +3 ring of intelligence
Wands
 l - a wand of iceblast (7/15)
Scrolls
 i - 2 scrolls of blinking
 k - 3 scrolls of remove curse
Potions
 d - 5 potions of curing
 e - 2 potions of heal wounds
 g - 4 potions of magic
 h - a potion of berserk rage
 j - a potion of invisibility
Comestibles
 c - a bread ration


   Skills:
 + Level 6.8 Fighting
 + Level 7.0 Axes
 + Level 8.0 Dodging


You had 5 spell levels left.
You didn't know any spells.

Dungeon Overview and Level Annotations

Branches:
Dungeon (1/1)

Altars:
Cheibriados
Dithmenos
Elyvilon
Fedhas
Gozag
Kikubaaqudgha
Makhleb
Nemelex Xobeh
Okawaru
Pakellas
Qazlal
Ru
Sif Muna
Trog
Vehumet
Xom
Yredelemnul
Zin
The Shining One
Beogh
Jiyva
Lugonu


Innate Abilities, Weirdness & Mutations

You are too large for most types of armour.
You have claws for hands.
Your metabolism is lightning-fast.
You like to eat raw meat.
You heal very quickly.
You are covered in fur (AC +1).
You have very tough skin (AC +2).


Message History

You barely miss the skeletal warrior.
The skeletal warrior is moderately damaged.
The skeletal warrior hits you with a dire flail.
You hit the skeletal warrior but do no damage.
The skeletal warrior is moderately damaged.
You hit the skeletal warrior but do no damage.
The skeletal warrior is moderately damaged.
The skeletal warrior hits you with a dire flail!
* * * LOW HITPOINT WARNING * * *
You slash the skeletal warrior!
The skeletal warrior is heavily damaged.
The skeletal warrior hits you with a dire flail!
* * * LOW HITPOINT WARNING * * *
You hit the skeletal warrior.
The skeletal warrior is heavily damaged.
The troll changes into a salamander!
You closely miss the skeletal warrior.
The skeletal warrior is heavily damaged.
The skeletal warrior hits you with a dire flail!!
You die... ▓▓▓▓▓▓▓▓▓▓▓▓▓▓▓▓▓▓▓▓▓▓▓▓▓▓▓▓▓▓▓ _______'.?|)[.[.@zocNCF.'C.F... ▓▓▓▓▓▓▓▓▓▓▓▓▓▓▓▓▓▓▓▓▓▓▓▓▓▓▓▓▓▓▓

You could see a skeletal warrior, a salamander shaped shifter, a hill giant, a giant frog, a centaur and an orc.

Vanquished Creatures
  A troll (D)
  A scorpion (D)
  A crimson imp (D)
  An orc wizard (D)
  A worker ant (D)
  2 bats (D)
  A bat zombie (D)
  A goblin (D)
  A ball python (D)
  A kobold (D)
  A quokka skeleton (D)
  A rat (D)
13 creatures vanquished.

Vanquished Creatures (collateral kills)
  A sky beast (D)
  A hound (D)
  A shadow imp (D)
3 creatures vanquished.

Grand Total: 16 creatures vanquished

Notes
Turn   | Place    | Note
--------------------------------------------------------------
     0 | D        | tyranidshit the Troll Berserker began the quest for the Orb.
     0 | D        | Reached XP level 1. HP: 22/22 MP: 0/0
     8 | D        | Reached ** piety under Trog
    29 | D        | Noticed a worker ant
    29 | D        | Noticed an orc wizard
    29 | D        | Noticed a scorpion
    33 | D        | Killed a worker ant
    33 | D        | Reached *** piety under Trog
    33 | D        | Reached skill level 3 in Dodging
    33 | D        | Reached XP level 2. HP: 31/31 MP: 1/1
    34 | D        | Reached XP level 3. HP: 37/37 MP: 2/2
    39 | D        | Reached skill level 4 in Dodging
    43 | D        | Killed a scorpion
    43 | D        | Reached **** piety under Trog
    43 | D        | Reached skill level 5 in Dodging
    43 | D        | Reached XP level 4. HP: 49/49 MP: 3/3
    54 | D        | Found a glowing silver altar of Zin.
    54 | D        | Found a glowing golden altar of the Shining One.
    54 | D        | Found an ancient bone altar of Kikubaaqudgha.
    54 | D        | Found a basalt altar of Yredelemnul.
    54 | D        | Found a shimmering altar of Xom.
    54 | D        | Found a radiant altar of Vehumet.
    55 | D        | Found an iron altar of Okawaru.
    56 | D        | Found a burning altar of Makhleb.
    57 | D        | Found a deep blue altar of Sif Muna.
    58 | D        | Found a bloodstained altar of Trog.
    59 | D        | Found a sparkling altar of Nemelex Xobeh.
    60 | D        | Found a white marble altar of Elyvilon.
    61 | D        | Found a roughly hewn altar of Beogh.
    62 | D        | Found a viscous altar of Jiyva.
    63 | D        | Found a corrupted altar of Lugonu.
    64 | D        | Found a blossoming altar of Fedhas.
    65 | D        | Found a snail-covered altar of Cheibriados.
    66 | D        | Found a shadowy altar of Dithmenos.
    67 | D        | Found a stormy altar of Qazlal.
    68 | D        | Found an opulent altar of Gozag.
    69 | D        | Found a sacrificial altar of Ru.
    70 | D        | Found an oddly glowing altar of Pakellas.
   122 | D        | Noticed a sky beast
   122 | D        | Noticed a troll
   127 | D        | Reached skill level 5 in Fighting
   127 | D        | Reached skill level 5 in Axes
   129 | D        | Killed a sky beast
   129 | D        | Reached skill level 6 in Dodging
   129 | D        | Reached XP level 5. HP: 57/57 MP: 4/4
   136 | D        | Killed a troll
   136 | D        | Reached skill level 7 in Dodging
   136 | D        | Reached XP level 6. HP: 68/68 MP: 5/5
   139 | D        | Reached skill level 8 in Dodging
   178 | D        | Noticed a skeletal warrior
   178 | D        | Noticed a golden eye
   178 | D        | Noticed a hill giant
   179 | D        | Noticed a harpy
   179 | D        | a golden eye changed into a harpy
   182 | D        | Noticed a troll
   182 | D        | a harpy changed into a troll
   203 | D        | Noticed a salamander
   203 | D        | a troll changed into a salamander
   204 | D        | Slain by a skeletal warrior

Skill      XL: |  1  2  3  4  5  6 |
---------------+-------------------+-----
Axes           | 3 4 5 6 7 |  7.0
Fighting       | 3 4 5 6 |  6.8
Dodging        | 3 5 6 7 8 |  8.0

Action                   |  1- 3 |  4- 6 || total
-------------------------+-------+-------++-------
Melee: Hand axe          |    31 |       ||    31
       War axe           |       |    12 ||    12
Invok: Berserk           |     1 |     2 ||     3
       Trog's Hand       |     1 |       ||     1
       Brothers in Arms  |       |     2 ||     2
  Use: Potion            |       |     2 ||     2
  Eat: Bread ration      |       |     1 ||     1
Armor: Animal skin       |    24 |       ||    24
Dodge: Dodged            |    17 |     3 ||    20
